 Dungeon Crawl Stone Soup version 0.31-a0-981-geadf994542 (webtiles) character file.

Game seed: 2864473940038474966

3230 lunkers the Grappler (level 10, -1/81 HPs)
             Began as a Meteoran Shapeshifter on Oct 31, 2023.
             Was an Initiate of Ru.
             Slain by an eight-headed hydra (9 damage)
             ... on level 9 of the Dungeon.
             The game lasted 00:08:02 (3964 turns).

lunkers the Grappler (Meteoran Shapeshifter)        Turns: 3964, Time: 00:08:03

Health: -1/81      AC: 10    Str: 15    XL:     10   Next: 41%
Magic:  11/11      EV: 12    Int: 13    God:    Ru [......]
Gold:   488        SH:  5    Dex: 22    Spells: 9/9 levels left

rFire   . .          .
                       - Unarmed
rCold   . . .        p - +0 buckler
rNeg    . . .        q - +0 scale mail
rPois   .            (helmet currently unavailable)
rElec   .            (cloak currently unavailable)
rCorr   .            (gloves currently unavailable)
SInv    .            (boots currently unavailable)
Will    +....        m - amulet of regeneration Stlth
                     b - +6 ring of dexterity
HPRegen 1.13/turn    x - +4 ring of protection
MPRegen 0.12/turn

%: no passive effects
@: beast-form, glowing
A: beast (slay +4), sense surroundings 2, weak 1, otherworldly, glowing, explore
regen
a: Begin Untransformation, Renounce Religion


You were on level 9 of the Dungeon.
You worshipped Ru.
Ru was noncommittal.
You were a hulking beast.
You visited 2 branches of the dungeon, and saw 10 of its levels.

You collected 488 gold pieces.

Inventory:

Armour
 a - a +0 animal skin
 p - a +0 buckler (worn)
 q - a +0 scale mail (worn)
Jewellery
 b - a +6 ring of dexterity (left hand)
 e - a ring of magical power
 i - a ring of see invisible
 m - an amulet of regeneration (around neck)
 o - a +6 ring of strength
 x - a +4 ring of protection (right hand)
Talismans
 c - a beast talisman
 d - a flux talisman
Wands
 l - a wand of flame (19)
 y - a wand of quicksilver (11)
Scrolls
 n - a scroll of vulnerability
 v - 2 scrolls of identify
 w - a scroll of blinking {unknown}
Potions
 f - a potion of invisibility {unknown}
 g - 2 potions of enlightenment
 h - 2 potions of brilliance
 j - a potion of degeneration {unknown}
 k - a potion of ambrosia {unknown}
 r - a potion of berserk rage {unknown}
 s - 2 potions of heal wounds {unknown}
 t - a potion of haste {unknown}
 u - a potion of might {unknown}


   Skills:
 + Level 5.0 Fighting
 + Level 5.4 Dodging
 * Level 12.2 Unarmed Combat
 + Level 8.5 Shapeshifting


You had 9 spell levels left.
You didn't know any spells.
Your spell library contained the following spells:

 Spells                   Type           Power      Damage    Failure   Level
 Summon Small Mammal      Summ           0%         N/A       87%         1
 Cigotuvi's Dreadful Rot  Necr/Pois/Air  0%         N/A       95%         2
 Sublimation of Blood     Necr           0%         N/A       95%         2
 Call Canine Familiar     Summ           0%         N/A       99%         3
 Stone Arrow              Conj/Erth      0%         3d7       99%         3
 Summon Guardian Golem    Hex/Summ       0%         N/A       99%         3
 Animate Armour           Summ/Erth      0%         N/A       100%        4
 Manifold Assault         Tloc           0%         N/A       100%        4
 Petrify                  Tmut/Erth      0%         N/A       100%        4
 Irradiate                Conj/Tmut      0%         3d11      100%        5
 Dispersal                Tloc           0%         N/A       100%        6
 Disjunction              Tloc           0%         N/A       100%        8
 Lehudib's Crystal Spear  Conj/Erth      0%         10d2      100%        8
 Fire Storm               Conj/Fire      0%         5d1       100%        9


Dungeon Overview and Level Annotations

Branches:
Dungeon (9/15) Zot: 1582   Temple (1/1) D:4 Zot: 499
   Lair: D:8-11         Orc: D:9-12

Altars:
Ashenzari
Cheibriados
Dithmenos
Fedhas
Gozag
Hepliaklqana
Kikubaaqudgha
Makhleb
Nemelex Xobeh
Okawaru
Qazlal
Ru
Sif Muna
Trog
Uskayaw
Vehumet
Wu Jian
Xom
Yredelemnul
Zin
The Shining One

Shops:
D:3 :   D:4 (   D:5 =

Annotations:
D:7 Jeremiah


Innate Abilities, Weirdness & Mutations

You are a hulking beast.
Your limbs bulge with bestial killing power. (Slay +4)
You passively map the area around you.
You are weak. (Str -2)
You are easily found by Zot.
You glow in the dark.
You regain HP and MP as you explore.


Message History

The eight-headed hydra closely misses you.
The eight-headed hydra bites you. The eight-headed hydra bites you!
You hit the eight-headed hydra.
The eight-headed hydra is lightly wounded.
The eight-headed hydra bites you but does no damage. x2
The eight-headed hydra bites you.
The eight-headed hydra bites you but does no damage.
You block the eight-headed hydra's attack. x2
The eight-headed hydra bites you!
* * * LOW HITPOINT WARNING * * *
The eight-headed hydra bites you but does no damage.
Unknown command.
Okay, then.
Okay, then.
Okay, then.
You hit the eight-headed hydra.
The eight-headed hydra is lightly wounded.
The eight-headed hydra bites you!
* * * LOW HITPOINT WARNING * * *
The eight-headed hydra bites you.
* * * LOW HITPOINT WARNING * * *
The eight-headed hydra bites you but does no damage. x2
The eight-headed hydra bites you!
* * * LOW HITPOINT WARNING * * *
The eight-headed hydra bites you but does no damage.
The eight-headed hydra bites you!
* * * LOW HITPOINT WARNING * * *
The eight-headed hydra barely misses you.
Unknown command.
You punch the eight-headed hydra!
The eight-headed hydra is moderately wounded.
The eight-headed hydra bites you.
* * * LOW HITPOINT WARNING * * *
The eight-headed hydra closely misses you.
The eight-headed hydra bites you!
* * * LOW HITPOINT WARNING * * *
The eight-headed hydra bites you but does no damage. x2
The eight-headed hydra barely misses you.
The eight-headed hydra bites you!
You die...

, , ,, ,, ,, , , , , ,
* , , ,, , ** , ,,** *
,,,, ###### ,, , , * ,
,* #..... ,, * **
####### * * ,
##############...... *
**#.#h'.......##..##..
, #.D#########.#######
, *
###.h.CH+[[#.'......
** oF.Dh+)|#.'...... *
* #########.####### *
* , +.......##..##.. *
, ** *##########......
, , , * * ####### , ,
,,,


You could see an eight-headed hydra.

Vanquished Creatures
  A troll (D:9)
  6 yaks (D:9)
  A water moccasin (D:6)
  Duvessa (D:7)
  2 ogres
  2 orc warriors
  A phantom (D:6)
  The ghost of pigah the Changeling, an amateur OpSh (D:3)
  2 kobold brigands (D:7)
  A scorpion (D:7)
  Dowan (D:7)
  4 howler monkeys
  5 hounds
  4 quasits (D:3)
  5 orc priests
  A gnoll bouda (D:8)
  2 iguanas
  Ijyb (D:3)
  Natasha (twice) (D:2)
  4 orc wizards
  18 gnolls
  5 adders
  3 shadow imps
  2 white imps
  A worm (D:2)
  A dart slug (D:4)
  30 orcs
  3 ball pythons
  A bat (D:1)
  4 endoplasms
  A giant cockroach (D:3)
  4 hobgoblins
  10 jackals
  12 kobolds
  3 quokkas
  3 frilled lizards
  5 goblins
  6 rats
159 creatures vanquished.

Notes
Turn   | Place    | Note
-------+----------+-------------------------------------------
     0 | D:1      | lunkers the Meteoran Shapeshifter began the quest for the
                  | Orb.
     0 | D:1      | Reached XP level 1. HP: 16/16 MP: 2/2
    54 | D:1      | Found a burning altar of Makhleb.
    65 | D:1      | Reached XP level 2. HP: 4/23 MP: 3/3
    66 | D:1      | Reached skill level 4 in Unarmed Combat
   132 | D:1      | Got Siakh's Textbook on Clouds and Ashes
   420 | D:2      | Reached XP level 3. HP: 26/28 MP: 4/4
   518 | D:2      | Reached XP level 4. HP: 18/35 MP: 5/5
   572 | D:2      | Noticed Natasha
   579 | D:2      | Reached skill level 5 in Unarmed Combat
   581 | D:2      | Killed Natasha
   585 | D:2      | Reached XP level 5. HP: 31/40 MP: 6/6
   646 | D:2      | Noticed Natasha
   649 | D:2      | Killed Natasha
   771 | D:3      | Noticed Ijyb
   786 | D:3      | Reached skill level 6 in Unarmed Combat
   801 | D:3      | Killed Ijyb
   802 | D:3      | Reached XP level 6. HP: 19/47 MP: 7/7
  1058 | D:3      | Found Garyanad's Vocational Training.
  1088 | D:3      | Noticed pigah's ghost (amateur OpSh)
  1185 | D:3      | Found a transporter.
  1200 | D:3      | Reached skill level 5 in Shapeshifting
  1213 | D:3      | Found a transporter.
  1223 | D:3      | Killed pigah's ghost
  1224 | D:3      | Reached skill level 7 in Unarmed Combat
  1234 | D:3      | Reached XP level 7. HP: 40/52 MP: 8/8
  1415 | D:4      | Reached skill level 8 in Unarmed Combat
  1579 | D:4      | Found Osuov's Antique Weapon Shoppe.
  1628 | D:4      | Found a shadowy altar of Dithmenos.
  1630 | D:4      | Found a bloodstained altar of Trog.
  1729 | D:4      | Reached XP level 8. HP: 10/59 MP: 9/9
  1779 | D:4      | Found a staircase to the Ecumenical Temple.
  1883 | Temple   | Entered the Ecumenical Temple
  1941 | Temple   | Became a worshipper of Ru the Awakened
  2025 | D:5      | Entered Level 5 of the Dungeon
  2074 | D:5      | Reached skill level 9 in Unarmed Combat
  2183 | D:5      | Found Ebrun's Jewellery Boutique.
  2410 | D:6      | Gained mutation: You passively map the area around you.
                  | [Meteoran growth]
  2410 | D:6      | Reached XP level 9. HP: 64/67 MP: 10/10
  2412 | D:6      | Reached skill level 10 in Unarmed Combat
  2493 | D:7      | Noticed Dowan
  2494 | D:7      | Noticed Duvessa
  2505 | D:7      | Killed Duvessa
  2511 | D:7      | Killed Dowan
  2560 | D:7      | Gained mutation: You are weak. (Str -2) [Ru sacrifice]
  2771 | D:7      | Noticed Jeremiah
  2793 | D:7      | HP: 3/68 [orc/+0 flail (3)]
  3259 | D:8      | Reached skill level 11 in Unarmed Combat
  3559 | D:9      | Reached XP level 10. HP: 62/78 MP: 11/11
  3579 | D:9      | Reached skill level 5 in Dodging
  3712 | D:9      | Found an ornate altar of the Wu Jian Council.
  3818 | D:9      | Reached skill level 12 in Unarmed Combat
  3952 | D:9      | Noticed a cyclops
  3952 | D:9      | Noticed a manticore
  3952 | D:9      | Noticed an eight-headed hydra
  3961 | D:9      | Reached skill level 5 in Fighting
  3964 | D:9      | Slain by an eight-headed hydra

Illustrated notes

Levels and vault maps discovered:
D:1:      dpeg_arrival_brainrot, layout_basic, serial_shops,
          nicolae_shop_gibbet_a_chance, minmay_misc_feat_tower,
          minmay_hexomino_r4
D:2:      layout_loops_ring, shapermc_ecumenical_altar_mp_highgroup,
          nicolae_hexahallways, wad_orctagon, uniq_natasha
D:3:      layout_basic, gammafunk_ghost_stat_death, minivault_24,
          hangedman_decor_clover_reticule, serial_park_tiny_1,
          nicolae_shop_vocational, uniq_crazy_yiuf_cottage, uniq_ijyb
D:4:      layout_loops_corners, grunt_temple_overflow_open, temple_statues,
          serial_shops, kennysheep_little_box, kennysheep_generic_room_10
D:5:      layout_cave_pools, serial_shops, nicolae_shop_just_a_little_nook,
          minmay_misc_feat_doors, dreamdust_gnoll_farm
D:6:      layout_gridville, uniq_grinder
D:7:      layout_loops_corners, nicolae_elyvilon_temple_path, uniq_duvessa,
          uniq_jeremiah
D:8:      layout_gridville, kennysheep_generic_room_7
D:9:      layout_cave_pods, pdpol_wu_jian_five_deadly_venoms, wad_scary_box
Temple:   regret_index_temple_mists

Skill      XL: |  1  2  3  4  5  6  7  8  9 10 |
---------------+-------------------------------+-----
Unarmed Combat | 4 5 6 7 8 9 11 12 | 12.2
Shapeshifting  | 4 5 6 7 8 |  8.5
Fighting       | 2 4 5 |  5.0
Dodging        | 4 5 |  5.4

Action                     |  1- 3 |  4- 6 |  7- 9 | 10-12 || total
---------------------------+-------+-------+-------+-------++-------
  Melee: Unarmed           |    78 |    90 |   313 |    47 ||   528
         Punch             |       |       |     1 |       ||     1
 Invoke: Sacrifice Purity  |       |       |     1 |       ||     1
    Use: Potion            |       |     1 |       |       ||     1
         Scroll            |       |       |     7 |       ||     7
   Stab: Sleeping          |       |       |     1 |       ||     1
 Armour: Animal skin       |    39 |    52 |     5 |       ||    96
         Skin              |       |   127 |     7 |       ||   134
         Scale mail        |       |       |   164 |    45 ||   209
  Dodge: Dodged            |    52 |    69 |   109 |    18 ||   248
  Block: Buckler           |       |       |    45 |    13 ||    58

Table legend: (Time is in decaauts)
 A = Elapsed time spent in this place.
 B = Non-inter-level travel time spent in this place.
 C = Inter-level travel time spent in this place.
 D = Time resting spent in this place.
 E = Time spent auto-exploring this place.
 F = Levels seen in this place.
 G = Mean time per level.
                   A        B        C        D        E       F      G
               +--------+--------+--------+--------+--------+-----+--------+
         Total |   3917 |   3624 |    293 |     30 |   2596 |  10 |  391.7 |
       Dungeon |   3816 |   3616 |    200 |     30 |   2596 |   9 |  424.0 |
        Temple |    100 |      7 |     93 |      0 |      0 |   1 |  100.0 |
               +--------+--------+--------+--------+--------+-----+--------+

Top non-repeatable levels by time:
     D:4: 636 daAuts
     D:7: 591 daAuts
     D:3: 517 daAuts
     D:9: 511 daAuts
     D:1: 406 daAuts
     D:2: 355 daAuts
     D:8: 338 daAuts
     D:5: 269 daAuts
     D:6: 190 daAuts
  Temple: 100 daAuts
